 Dungeon Sprint DCSS version 0.30-a0-311-gf115ab0292 (webtiles) character file.

Game seed: 17836130257004465514

189 wilfster70 the Cleaver (level 5, -8/52 HPs)
             Began as a Hill Orc Fighter on Oct 25, 2022.
             Was a Believer of Okawaru.
             Killed by divine providence
             ... invoked by an orc priest
              (13 damage)
             ... in the Dungeon (Sprint IX: "|||||||||||||||||||||||||||||").
             The game lasted 00:01:36 (180 turns).

wilfster70 the Cleaver (Hill Orc Fighter)            Turns: 180, Time: 00:01:37

Health: -8/52      AC: 11    Str: 21    XL:     5   Next: 68%
Magic:  4/8        EV: 12    Int: 11    God:    Okawaru [**....]
Gold:   0          SH:  4    Dex: 10    Spells: 4/4 levels left

rFire   . . .      SeeInvis .    a - +1 broad axe (vorpal)
rCold   . . .      Faith    .    c - +0 buckler
rNeg    . . .      Spirit   .    p - +2 ring mail
rPois   .          Reflect  .    (no helmet)
rElec   .          Harm     .    m - +0 cloak
rCorr   .          Rampage  .    o - +0 pair of gloves
Will    .....      NoTele   +    (no boots)
Stlth   ..........               (no amulet)
HPRegen 0.28/turn                q - +2 ring of evasion
MPRegen 0.11/turn                r - +3 ring of intelligence

@: no status effects
A: no striking features
a: Renounce Religion, Convert to Beogh, Heroism


You were in the Dungeon.
You worshipped Okawaru.
Okawaru was pleased with you.
You visited 1 branch

Inventory:

Hand Weapons
 a - a +1 vorpal broad axe (weapon)
 b - a +2 rapier of venom
Armour
 c - a +0 buckler (worn)
 m - a +0 cloak (worn)
 n - a +0 scale mail
 o - a +0 pair of gloves (worn)
 p - a +2 ring mail (worn)
Jewellery
 q - a +2 ring of evasion (left hand)
 r - a +3 ring of intelligence (right hand)
Wands
 l - a wand of quicksilver (10)
Scrolls
 j - 2 scrolls of blinking
 k - 2 scrolls of amnesia
Potions
 d - a potion of might
 e - 5 potions of curing
 f - 3 potions of heal wounds
 g - a potion of haste
 h - 4 potions of magic
 i - a potion of invisibility


   Skills:
 + Level 7.0 Fighting
 + Level 3.0 Short Blades
 * Level 9.5 Axes
 + Level 6.3 Armour
 - Level 4.0 Shields
 + Level 4.1 Invocations


You had 4 spell levels left.
You didn't know any spells.
Your spell library was empty.

Dungeon Overview and Level Annotations

Branches:
Dungeon (1/1)

Altars:
Cheibriados
Dithmenos
Elyvilon
Fedhas
Gozag
Hepliaklqana
Kikubaaqudgha
Makhleb
Nemelex Xobeh
Okawaru
Qazlal
Ru
Sif Muna
Trog
Uskayaw
Vehumet
Wu Jian
Xom
Yredelemnul
Zin
The Shining One
Beogh
Jiyva
Lugonu


Message History

Your Short Blades skill gained 3 levels and is now at level 3!
Your Axes skill gained 2 levels and is now at level 9!
Your Armour skill increases to level 6!
Your Invocations skill gained 4 levels and is now at level 4!
You have reached level 4!
You have reached level 5!
You feel stronger.
You hit something.
Something hits you but does no damage. x2
You closely miss something. Something hits you. x2
The shadow slips into darkness.
The shadow flickers and vanishes!
You closely miss something.
Your attacks no longer feel as feeble.
You block something's attack.
The orc priest invokes the aid of Beogh against you.
You miss something. Something hits you. x2
The orc priest looks encouraged for a moment.
Something hits you but does no damage.
The gnoll bouda gazes fiercely through you!
You feel your attacks grow feeble.
You hit something. Something hits you.
You closely miss something. Something hits you but does no damage.
Something hits you. Something completely misses you.
You slash something! Something hits you but does no damage.
You hit something. Something hits you! Something hits you but does no damage.
You hit something but do no damage.
Your attacks no longer feel as feeble.
Something completely misses you. Something hits you but does no damage.
The orc priest calls down the wrath of Beogh upon you.
Beogh smites you!
* * * LOW HITPOINT WARNING * * *
Something hits you.
* * * LOW HITPOINT WARNING * * *
You slash something! Okawaru is honoured by your kill.
Reactivating autopickup.
You feel a bit more experienced.
The orc priest mumbles some strange prayers to Beogh against you.
Beogh smites you!
You die...

▓.▓
▓.▓
▓)▓
▓.▓
▓.▓
▓.▓
▓.▓
▓.▓
▓@▓
▓'▓
▓{▓
▓o▓
▓Y▓
▓g▓
▓.▓
▓.▓


You could see a yak, a gnoll bouda and an orc priest.

Vanquished Creatures
  An unseen horror (D)
  A yak (D)
  A jelly (D)
  An adder (D)
  A white imp (D)
  A dart slug (D)
  An orc (D)
  3 endoplasms (D)
  A ball python (D)
  A rat (D)
12 creatures vanquished.

Notes
Turn   | Place    | Note
-------+----------+-------------------------------------------
     0 | D        | wilfster70 the Hill Orc Fighter began the quest for the
                  | Orb.
     0 | D        | Reached XP level 1. HP: 19/19 MP: 1/1
     6 | D        | Reached skill level 3 in Axes
    38 | D        | Noticed a jelly
    40 | D        | Killed a jelly
    41 | D        | Reached skill level 5 in Fighting
    41 | D        | Reached skill level 6 in Axes
    41 | D        | Reached XP level 2. HP: 29/29 MP: 2/2
    41 | D        | Reached XP level 3. HP: 36/36 MP: 3/3
    51 | D        | Reached skill level 7 in Axes
    51 | D        | Reached skill level 5 in Armour
    94 | D        | Found a roughly hewn altar of Beogh.
    94 | D        | Found a snail-covered altar of Cheibriados.
    94 | D        | Found a shadowy altar of Dithmenos.
    94 | D        | Found a white marble altar of Elyvilon.
    94 | D        | Found a blossoming altar of Fedhas.
    94 | D        | Found an opulent altar of Gozag.
    95 | D        | Found a hazy altar of Hepliaklqana.
    96 | D        | Found a viscous altar of Jiyva.
    97 | D        | Found an ancient bone altar of Kikubaaqudgha.
    98 | D        | Found a corrupted altar of Lugonu.
    99 | D        | Found a burning altar of Makhleb.
   100 | D        | Found a sparkling altar of Nemelex Xobeh.
   101 | D        | Found an iron altar of Okawaru.
   102 | D        | Found a stormy altar of Qazlal.
   103 | D        | Found a sacrificial altar of Ru.
   104 | D        | Found a shimmering blue altar of Sif Muna.
   105 | D        | Found a bloodstained altar of Trog.
   106 | D        | Found a hide-covered altar of Uskayaw.
   107 | D        | Found a radiant altar of Vehumet.
   108 | D        | Found an ornate altar of the Wu Jian Council.
   109 | D        | Became a worshipper of Warmaster Okawaru
   110 | D        | Found a shimmering altar of Xom.
   111 | D        | Found a basalt altar of Yredelemnul.
   112 | D        | Found a glowing silver altar of Zin.
   113 | D        | Found a glowing golden altar of the Shining One.
   165 | D        | Noticed a yak
   165 | D        | Noticed a shadow
   165 | D        | Noticed a yak
   170 | D        | Killed a yak
   170 | D        | Reached * piety under Okawaru
   171 | D        | Reached skill level 9 in Axes
   171 | D        | Reached XP level 4. HP: 37/47 MP: 3/7
   171 | D        | Reached XP level 5. HP: 41/52 MP: 3/8
   180 | D        | Killed an unseen horror
   180 | D        | Reached ** piety under Okawaru
   180 | D        | Killed from afar by an orc priest

Illustrated notes

Levels and vault maps discovered:
D:        linesprint [early_d, line_temple, items_1, d_10, items_2, lair_1,
          lair_end, items_3, orc_1, orc_end, items_4, d_15, swamp_1, shoals_1,
          snake_1, spider_1, d_20, vaults_1, items_5, swamp_end, shoals_end,
          snake_end, spider_end, vaults_end, d_27, items_6, zot_1, zot_end,
          crypt_end, forest_end, elf_end, slime_end, tomb_end, abyss_end,
          pan_hell_end]

Skill      XL: |  1  2  3 |
---------------+----------+-----
Axes           | 6 9 |  9.5
Fighting       | 5 7 |  7.0
Armour         | 4 6 |  6.3
Shields        | 4 |  4.0
Short Blades   | 3 |  3.0
Invocations    | 4 |  4.1

Action                   |  1- 3 |  4- 6 || total
-------------------------+-------+-------++-------
Melee: War axe           |    19 |       ||    19
       Broad axe         |     5 |    10 ||    15
  Use: Potion            |     1 |       ||     1
Armor: Scale mail        |     7 |       ||     7
       Ring mail         |     3 |     7 ||    10
Dodge: Dodged            |     6 |     2 ||     8
Block: Buckler           |     4 |     1 ||     5

Table legend: (Time is in decaauts)
 A = Elapsed time spent in this place.
 B = Non-inter-level travel time spent in this place.
 C = Inter-level travel time spent in this place.
 D = Time resting spent in this place.
 E = Time spent auto-exploring this place.
 F = Levels seen in this place.
 G = Mean time per level.
                   A        B        C        D        E       F      G
               +--------+--------+--------+--------+--------+-----+--------+
         Total |    195 |    195 |      0 |     67 |      0 |   1 |  195.0 |
       Dungeon |    195 |    195 |      0 |     67 |      0 |   1 |  195.0 |
               +--------+--------+--------+--------+--------+-----+--------+

Top non-repeatable levels by time:
       D: 195 daAuts
